 Dungeon Crawl Stone Soup version 0.24-a0-170-gd8427f5 (webtiles) character file.

Game seed: 5926672667133308705

889 emperorscorpion the Cleaver (level 7, -3/64 HPs)
             Began as a Minotaur Berserker on Mar 12, 2019.
             Was a Believer of Trog.
             Killed from afar by Dowan (19 damage)
             ... with a shard of ice
             ... on level 7 of the Dungeon.
             The game lasted 00:07:34 (979 turns).

emperorscorpion the Cleaver (Minotaur Berserker)     Turns: 979, Time: 00:07:34

Health: -3/64      AC: 12    Str: 22    XL:     7   Next: 77%
Magic:  6/6        EV:  7    Int:  4    God:    Trog [**....]
Gold:   89         SH:  0    Dex: 11    Spells: 6/6 levels left

rFire    + . .     SeeInvis .   y - +6 great mace of Januug {holy, rPois rF+ Stlth-}
rCold    . . .     Gourm    .   (shield currently unavailable)
rNeg     . . .     Faith    .   h - +0 plate armour (curse)
rPois    +         Spirit   .   (helmet restricted)
rElec    .         Reflect  .   (no cloak)
rCorr    .         Harm     .   (no gloves)
MR       .....                  (no boots)
Stlth    ..........             (no amulet)
HPRegen  0.20/turn              (no ring)
MPRegen  0.10/turn              (no ring)

@: no status effects
A: retaliatory headbutt, horns 2
a: Berserk, Trog's Hand, Renounce Religion


You were on level 7 of the Dungeon.
You worshipped Trog.
Trog was pleased with you.
You were not hungry.

You visited 1 branch of the dungeon, and saw 7 of its levels.
You also visited: Ossuary.

You collected 89 gold pieces.

Inventory:

Hand Weapons
 a - a +0 hand axe
 y - the +6 great mace of Januug (weapon) {holy, rPois rF+ Stlth-}
   (You found it on level 7 of the Dungeon)

   It has been blessed by the Shining One to cause great damage to the undead
   and demons.
   It protects you from fire.
   It protects you from poison.
   It makes you less stealthy.
Missiles
 d - 35 poisoned needles
 l - 6 javelins
 p - 3 exploding tomahawks (quivered)
Armour
 b - a +0 animal skin
 h - a cursed +0 plate armour (worn)
 q - a cursed +0 chain mail
Magical Staves
 m - an uncursed staff of power {unknown}
Wands
 k - a wand of iceblast (4)
Scrolls
 e - 5 scrolls of identify {unknown}
 g - 3 scrolls of amnesia {unknown}
 i - a scroll of remove curse {unknown}
 n - 2 scrolls of fear {unknown}
 v - a scroll of random uselessness {unknown}
Potions
 f - 2 potions of might {unknown}
 j - a potion of degeneration {unknown}
 o - a potion of agility {unknown}
 r - a potion of experience {unknown}
 s - a potion of haste {unknown}
 t - 3 potions of curing {unknown}
 u - 3 potions of flight {unknown}
 w - a potion of berserk rage {unknown}
Comestibles
 c - 6 rations
 x - 4 chunks of flesh


   Skills:
 + Level 6.6 Fighting
 + Level 8.4 Axes
 + Level 4.7 Armour
 + Level 3.1 Dodging


You had 6 spell levels left.
You didn't know any spells.
Your spell library was empty.

Dungeon Overview and Level Annotations

Branches:
Dungeon (7/15)
 Temple: D:4-7

Altars:

Shops:
D:7 ?

Annotations:
D:4 Purgy
D:7 Dowan


Innate Abilities, Weirdness & Mutations

You reflexively headbutt those who attack you in melee.
You have a pair of horns on your head.


Message History

Things that are here:
a +0 rapier; a +0 leather armour; the elf skeleton of Duvessa You start resting.
You recover from your berserk rage.
There is an open door here.
Found a slimy great mace.
You see here a slimy great mace.
y - a slimy great mace Wield which item (- for none, * to show all)? (? for menu, Esc to quit)
The +6 great mace of Januug {holy, rPois rF+ Stlth-} softly glows with a divine radiance!
y - the +6 great mace of Januug (weapon)
{holy, rPois rF+ Stlth-}
Okay, then.
Dowan shouts!
Dowan seems to find hidden reserves of power!
Dowan gestures at you while chanting. The stone arrow hits you!!
* * * LOW HITPOINT WARNING * * *
Dowan points at you and mumbles some strange words.
The shard of ice hits you!!
You die...

....# #..##.##..#
...## #.##.).##.#
..##########..##.#'..#
...............###...#
....#...........#..e.#
.###.........)....#.##
.# #............##..#
###................##
#.............#@###
##...........###.#
############# #.# ..#
..# #.# .. .∩


You could see Dowan.

Vanquished Creatures
  A steam dragon (D:4)
  Duvessa (D:7)
  5 water moccasin zombies (Ossuary)
  2 wights (D:6)
  A crimson imp (D:6)
  2 hounds (D:4)
  A worker ant (D:4)
  5 big kobold zombies (Ossuary)
  2 mummies (Ossuary)
  9 adder zombies (Ossuary)
  An orc (D:5)
  4 bats
  2 giant cockroaches (D:2)
  A goblin (D:1)
  2 hobgoblins
  6 jackals
  4 frilled lizards
  A gnoll zombie (Ossuary)
  4 hobgoblin zombies (Ossuary)
  5 kobold zombies (Ossuary)
  2 orc zombies (Ossuary)
  2 rats (D:1)
63 creatures vanquished.

Notes
Turn   | Place    | Note
-------+----------+-------------------------------------------
     0 | D:1      | emperorscorpion the Minotaur Berserker began the quest for
                  | the Orb.
     0 | D:1      | Reached XP level 1. HP: 19/19 MP: 0/0
    91 | D:1      | Reached XP level 2. HP: 27/27 MP: 1/1
   165 | D:2      | Reached skill level 4 in Axes
   323 | D:4      | Reached XP level 3. HP: 27/34 MP: 2/2
   394 | D:4      | Reached XP level 4. HP: 41/41 MP: 3/3
   417 | D:4      | Reached skill level 5 in Axes
   433 | D:4      | Noticed a steam dragon
   447 | D:4      | Killed a steam dragon
   447 | D:4      | Reached skill level 5 in Fighting
   447 | D:4      | Reached skill level 6 in Axes
   447 | D:4      | Reached XP level 5. HP: 48/48 MP: 4/4
   450 | D:5      | Entered Level 5 of the Dungeon
   461 | D:4      | Noticed Purgy
   536 | D:6      | Reached ** piety under Trog
   536 | D:6      | Reached XP level 6. HP: 56/56 MP: 5/5
   633 | D:7      | Noticed Duvessa
   633 | D:7      | Noticed Dowan
   642 | D:7      | Found a sand-covered staircase.
   646 | Ossuary  | Entered an ossuary
   704 | Ossuary  | Reached skill level 7 in Axes
   752 | Ossuary  | Reached XP level 7. HP: 43/63 MP: 6/6
   865 | Ossuary  | Reached skill level 8 in Axes
   934 | D:7      | Killed Duvessa
   963 | D:7      | Got a slimy great mace
   964 | D:7      | Identified the +6 great mace of Januug {holy, rPois rF+
                  | Stlth-} (You found it on level 7 of the Dungeon)
   979 | D:7      | Found Zegiett's Magic Scroll Emporium.
   979 | D:7      | Killed from afar by Dowan

Levels and vault maps discovered:
D:1:      ncdulo_watergridlock, layout_basic
D:2:      layout_basic, first_ration, uniq_terence
D:3:      layout_basic, lemuel_doored_altar, amethyst_killhole, tgw_trog
D:4:      layout_cave_pools, kennysheep_generic_room_2, uniq_purgy
D:5:      layout_loops_corners, lemuel_round_altar,
          minmay_temple_entry_offerings, st_stairs_11
D:6:      layout_basic, ebering_ghost_sewer_f, serial_curves, eino_curves_01,
          eino_curves_04
D:7:      layout_cave_pods, enter_ossuary_5, serial_shops, shop,
          fedhas_altar_fruit_tree, uniq_duvessa
Ossuary:  ossuary_tomb_2

Skill      XL: |  1  2  3  4  5  6  7 |
---------------+----------------------+-----
Fighting       | 4 5 6 |  6.6
Axes           | 4 6 7 8 |  8.4
Armour         | 3 4 |  4.7
Dodging        | 3 |  3.1

Action                   |  1- 3 |  4- 6 |  7- 9 || total
-------------------------+-------+-------+-------++-------
Melee: Hand axe          |    42 |    93 |   115 ||   250
       Headbutt          |     6 |    20 |    25 ||    51
Invok: Berserk           |       |     2 |     1 ||     3
Evoke: Wand              |       |       |     1 ||     1
  Eat: Ration            |       |       |     1 ||     1
Armor: Plate armour      |    45 |    57 |    52 ||   154
       Animal skin       |     2 |       |       ||     2
Dodge: Dodged            |    27 |    41 |    19 ||    87

Table legend:
 A = Non-vault XP
 B = Vault XP
 C = Vault XP percentage of total XP
 D = Non-vault monster count
 E = Vault monster count
 F = Vault count percentage of total count
                 A         B        C        D         E       F
            +---------+---------+-------+---------+---------+-------
      Total |     496 |     775 |  61.0 |      27 |      36 |  57.1
            +---------+---------+-------+---------+---------+-------
        D:1 |      12 |       0 |   0.0 |       7 |       0 |   0.0
        D:2 |      21 |       0 |   0.0 |      12 |       0 |   0.0
        D:4 |     299 |       0 |   0.0 |       5 |       0 |   0.0
        D:5 |       0 |       5 | 100.0 |       0 |       2 | 100.0
        D:6 |     164 |       0 |   0.0 |       3 |       0 |   0.0
        D:7 |       0 |     142 | 100.0 |       0 |       1 | 100.0
    Ossuary |       0 |     628 | 100.0 |       0 |      33 | 100.0
            +---------+---------+-------+---------+---------+-------
